 Dungeon Crawl Stone Soup version 0.28.0-62-gf88900778d (webtiles) character file.

Game seed: 10524674902845024632

3073 cbfl8 the Chopper (level 9, -4/68 HPs)
             Began as a Demonspawn Fighter on July 6, 2023.
             Was an Initiate of Hepliaklqana.
             Slain by an orc warrior
             ... wielding a +0 war axe
              (12 damage)
             ... in a bailey.
             The game lasted 00:09:07 (9275 turns).

cbfl8 the Chopper (Demonspawn Fighter)              Turns: 9275, Time: 00:09:08

Health: -4/68      AC: 23    Str: 24    XL:     9   Next: 58%
Magic:  9/9        EV:  8    Int: 12    God:    Hepliaklqana [......]
Gold:   583        SH:  9    Dex: 16    Spells: 8/8 levels left

rFire   . . .      SeeInvis .   g - +4 broad axe (vorpal)
rCold   . . .      Faith    +   c - +0 buckler
rNeg    . . .      Spirit   .   e - +0 chain mail
rPois   .          Reflect  .   (helmet restricted)
rElec   +          Harm     .   (no cloak)
rCorr   .          Rampage  .   v - +0 pair of gloves
Will    .....                   (no boots)
Stlth   ..........              a - amulet of faith
HPRegen 0.21/turn               f - ring "Fiumoa" {Fly rElec Str+6 Int+3}
MPRegen 0.11/turn               (no ring)

@: sanguine armoured, flying
A: horns 1, sanguine armour 3, condensation shield, demonic magic 1
a: Renounce Religion


You were in a bailey.
You worshipped Hepliaklqana.
Hepliaklqana was noncommittal.
You visited 2 branches of the dungeon, and saw 8 of its levels.
You also visited: Sewer and Bailey.

You collected 947 gold pieces.
You spent 364 gold pieces at shops.

Inventory:

Hand Weapons
 g - a +4 vorpal broad axe (weapon)
Missiles
 m - 2 throwing nets
 A - 14 boomerangs
Armour
 c - a +0 buckler (worn)
 e - a +0 chain mail (worn)
 v - a +0 pair of gloves (worn)
Jewellery
 a - an amulet of faith (around neck)
 f - the ring "Fiumoa" (left hand) {Fly rElec Str+6 Int+3}
   (You acquired it on level 7 of the Dungeon)

   [ring of flight]

   Str:       It affects your strength (+6).
   Int:       It affects your intelligence (+3).
   rElec:     It insulates you from electricity.
   Fly:       It grants you flight.
Wands
 o - a wand of flame (37)
 q - a wand of paralysis (4) (quivered)
 z - a wand of iceblast (14)
Scrolls
 b - a scroll of summoning
 h - 2 scrolls of teleportation
 n - 3 scrolls of enchant armour
 r - a scroll of brand weapon {unknown}
 s - a scroll of silence
 t - a scroll of immolation
 w - a scroll of vulnerability {unknown}
 y - a scroll of fog {unknown}
Potions
 d - 2 potions of magic {unknown}
 i - a potion of cancellation {unknown}
 j - 6 potions of curing {unknown}
 k - 2 potions of brilliance {unknown}
 l - a potion of berserk rage {unknown}
 p - a potion of mutation {unknown}
 u - 3 potions of attraction {unknown}
 x - a potion of lignification {unknown}


   Skills:
 + Level 5.4 Fighting
 + Level 7.9 Axes
 * Level 3.7 Throwing
 + Level 5.0 Armour
 - Level 0.5 Dodging
 + Level 1.9 Stealth
 + Level 4.2 Shields
 * Level 5.2 Evocations


You had 8 spell levels left.
You didn't know any spells.
Your spell library contained the following spells:

 Spells                   Type           Power      Damage    Failure   Level
 Corpse Rot               Necr/Air       0%         N/A       99%         2
 Poisonous Vapours        Pois/Air       0%         N/A       99%         2
 Scorch                   Fire           0%         2d5       99%         2
 Dispel Undead            Necr           0%         3d6       100%        4
 Flame Wave               Conj/Fire      0%         2d4       100%        4
 Death Channel            Necr           0%         N/A       100%        6
 Summon Cactus Giant      Summ           0%         N/A       100%        6


Dungeon Overview and Level Annotations

Branches:
Dungeon (7/15)             Temple (1/1) D:6           Sewer (visited)
 Bailey (1/1)

Altars:
Ashenzari
Cheibriados
Dithmenos
Elyvilon
Fedhas
Gozag
Hepliaklqana
Kikubaaqudgha
Makhleb
Nemelex Xobeh
Okawaru
Qazlal
Sif Muna
Uskayaw
Wu Jian
Xom
Yredelemnul
The Shining One

Shops:
D:2 *


Innate Abilities, Weirdness & Mutations

You have a pair of small horns on your head.
When seriously injured, your blood forms very thick armour. (AC +12)
A meltable shield of frost defends you. (SH +4)
Spells you cast may paralyse adjacent enemies.


Message History

Items here: )) [[.
Your blood armour dries and flakes away.
You start resting.
HP restored.
You start waiting.
Done waiting.
The orc warrior shouts!
Items here: )) [[.
You closely miss the orc warrior. The orc warrior barely misses you.
You slash the orc warrior!
The orc warrior is moderately wounded.
The orc warrior hits you with a +0 war axe!
The orc warrior drinks a potion.
The orc warrior seems to grow stronger.
You barely miss the orc warrior.
The orc warrior is moderately wounded.
The orc warrior hits you but does no damage.
You hit the orc warrior but do no damage.
Your headbutt misses the orc warrior.
The orc warrior is moderately wounded.
You block the orc warrior's attack.
You barely miss the orc warrior.
The orc warrior is moderately wounded.
The orc warrior closely misses you.
You slash the orc warrior!
You headbutt the orc warrior, but do no damage.
The orc warrior is almost dead.
The orc warrior closely misses you.
You barely miss the orc warrior.
The orc warrior is almost dead.
You block the orc warrior's attack.
The orc warrior hits you with a +0 war axe!!
Your blood congeals into armour.
You closely miss the orc warrior.
The orc warrior is almost dead.
The orc warrior hits you with a +0 war axe!!
* * * LOW HITPOINT WARNING * * *
You barely miss the orc warrior.
The orc warrior is almost dead.
The orc warrior hits you with a +0 war axe!
You die...

♣♣≈≈≈##...##......
♣♣≈≈≈##.....##.....
♣≈≈≈##...8...##≈≈≈≈
♣≈≈##.........#≈≈≈≈
♣≈≈#..........#≈≈≈K
♣≈≈#..8..8....'..o.
♣≈≈#........#######
♣≈≈##......##≈≈
♣.@)##.....#≈"..
♣.o()##....#≈!...
♣♣...)(#....##8.8.
♣......'.....#o...
♣∩.∩...'.....#....
♣......).....#....
♣♣.....#....##8.8.
♣....##)...#≈?...
♣...##.....#≈[..


You could see an orc warrior (strong).

Vanquished Creatures
  2 orc knights (Bailey)
  Grinder (D:5)
  Eustachio (D:5)
  A water moccasin (D:5)
  An ice beast (D:7)
  An orc warrior (Bailey)
  5 ogres
  A centaur (D:6)
  A bullfrog (D:6)
  2 scorpions
  A wyvern skeleton (D:6)
  A water moccasin skeleton (D:5)
  3 jellies
  A bullfrog zombie (D:6)
  4 hounds
  3 orc priests (D:5)
  A centaur skeleton (D:5)
  4 iguanas
  3 orc wizards
  A hell rat (Sewer)
  A scorpion zombie (D:5)
  5 gnolls
  A howler monkey skeleton (D:5)
  2 river rats
  7 adders
  A white imp (D:6)
  6 worms
  4 dart slugs
  12 orcs
  7 endoplasms
  3 giant cockroaches
  6 goblins
  16 hobgoblins
  17 kobolds
  3 quokkas
  7 ball pythons
  5 bats
  2 frilled lizards
  15 rats
158 creatures vanquished.

Notes
Turn   | Place    | Note
-------+----------+-------------------------------------------
     0 | D:1      | cbfl8 the Demonspawn Fighter began the quest for the Orb.
     0 | D:1      | Reached XP level 1. HP: 18/18 MP: 1/1
   285 | D:2      | Gained mutation: You have a pair of small horns on your
                  | head. [demonic ancestry]
   285 | D:2      | Reached XP level 2. HP: 10/24 MP: 2/2
  1263 | D:1      | Reached skill level 1 in Evocations
  1467 | D:2      | Reached XP level 3. HP: 25/29 MP: 3/3
  1508 | D:2      | Found a faded altar of an unknown god.
  1521 | D:1      | Reached skill level 2 in Axes
  2057 | D:2      | Found Jozuutto's General Store.
  2108 | D:2      | Bought a scroll of teleportation for 42 gold pieces
  2232 | D:2      | Gained mutation: When seriously injured, your blood forms
                  | armour. (AC +12) [demonic ancestry]
  2232 | D:2      | Reached XP level 4. HP: 35/35 MP: 4/4
  2590 | D:3      | Reached skill level 3 in Axes
  2691 | D:3      | Found a glowing drain.
  2700 | Sewer    | Entered a sewer
  2764 | Sewer    | Gained mutation: Spells you cast may paralyse adjacent
                  | enemies. [demonic ancestry]
  2764 | Sewer    | Reached XP level 5. HP: 20/39 MP: 5/5
  2903 | D:3      | Identified a scroll of acquirement
  2905 | D:3      | Acquired 592 gold pieces
  2994 | D:2      | Bought a +3 vorpal broad axe for 322 gold pieces
  3101 | D:3      | Identified the +9 falchion "Dedoghuv" {spect, rC+}
  3688 | D:4      | Found a stormy altar of Qazlal.
  3865 | D:4      | Noticed an ogre
  3870 | D:4      | Killed an ogre
  3871 | D:4      | Reached skill level 4 in Axes
  3871 | D:4      | Gained mutation: When seriously injured, your blood forms
                  | thick armour. (AC +12) [demonic ancestry]
  3871 | D:4      | Reached XP level 6. HP: 47/47 MP: 6/6
  4305 | D:5      | Entered Level 5 of the Dungeon
  4685 | D:5      | Gained mutation: A meltable shield of frost defends you.
                  | (SH +4) [demonic ancestry]
  4685 | D:5      | Reached XP level 7. HP: 31/53 MP: 7/7
  4816 | D:5      | Noticed Grinder
  4822 | D:5      | Paralysed by Grinder for 4 turns
  4832 | D:5      | Killed Grinder
  4833 | D:5      | Reached skill level 5 in Axes
  4908 | D:5      | Found a blossoming altar of Fedhas.
  4909 | D:5      | Found an ancient bone altar of Kikubaaqudgha.
  5009 | D:5      | Reached skill level 1 in Throwing
  5018 | D:5      | Noticed Eustachio
  5038 | D:5      | Killed Eustachio
  5118 | D:5      | Gained mutation: When seriously injured, your blood forms
                  | very thick armour. (AC +12) [demonic ancestry]
  5118 | D:5      | Reached XP level 8. HP: 38/61 MP: 8/8
  5344 | D:5      | Reached skill level 6 in Axes
  6743 | D:6      | Found a snail-covered altar of Cheibriados.
  7115 | D:6      | Reached skill level 7 in Axes
  7191 | D:6      | Reached skill level 5 in Fighting
  7263 | D:6      | Found a staircase to the Ecumenical Temple.
  7702 | Temple   | Entered the Ecumenical Temple
  7769 | Temple   | Became a worshipper of Hepliaklqana the Forgotten
  7799 | D:7      | Reached XP level 9. HP: 68/68 MP: 9/9
  7894 | D:7      | Found a flagged portal.
  7920 | D:7      | Acquired the ring "Fiumoa" {Fly rElec Str+6 Int+3}
  7978 | D:7      | Found a sparkling altar of Nemelex Xobeh.
  8315 | Bailey   | Entered a bailey
  8320 | Bailey   | Noticed an orc warlord
  8479 | Bailey   | Noticed an orc knight
  8657 | Bailey   | Noticed an orc knight
  8661 | Bailey   | Killed an orc knight
  8879 | Bailey   | Reached skill level 1 in Stealth
  8881 | Bailey   | Killed an orc knight
  8882 | Bailey   | Reached skill level 5 in Armour
  8882 | Bailey   | Reached skill level 5 in Evocations
  9275 | Bailey   | Slain by an orc warrior

Illustrated notes

Levels and vault maps discovered:
D:1:      scummos_arrival_hexagon, layout_basic
D:2:      layout_rooms, serial_shops, shop_statue, basic_ecumenical_altar,
          serial_park_tiny_2
D:3:      layout_basic, lightli_sewer_entry_pipes
D:4:      layout_loops_ring, mainiacjoe_overflow_alcove_1, dk_noncrumbling_3,
          chequers_garden
D:5:      layout_basic, grunt_temple_overflow_growth_and_decay, uniq_eustachio,
          uniq_grinder
D:6:      layout_rooms, lemuel_coloured_pillars_altar,
          minmay_temple_entry_enclosed_plants
D:7:      layout_basic, lemuel_crystal_altar, enter_bailey_4
Temple:   cyrus_circular_temple
Bailey:   bailey_axe_bossmonster_kennysheep, bailey

Skill      XL: |  1  2  3  4  5  6  7  8  9 |
---------------+----------------------------+-----
Armour         | 3 4 5 |  5.0
Evocations     | 1 2 3 4 5 |  5.2
Axes           | 2 3 4 5 7 |  7.9
Shields        | 3 4 |  4.2
Fighting       | 4 5 |  5.4
Throwing       | 1 2 3 |  3.7
Stealth        | 1 |  1.9
Dodging        | |  0.5

Action                   |  1- 3 |  4- 6 |  7- 9 || total
-------------------------+-------+-------+-------++-------
Melee: War axe           |   100 |    66 |       ||   166
       Headbutt          |    10 |    21 |    37 ||    68
       Broad axe         |       |    77 |   189 ||   266
Evoke: Wand              |       |       |     2 ||     2
  Use: Potion            |     1 |     1 |       ||     2
       Scroll            |     2 |     7 |     3 ||    12
 Stab: Paralysed         |       |       |    10 ||    10
Armor: Scale mail        |    24 |       |       ||    24
       Chain mail        |    30 |    67 |    67 ||   164
Dodge: Dodged            |    44 |    35 |    53 ||   132
Block: Buckler           |    40 |    21 |    81 ||   142
